Map: Catalyst LE

Players

DnS - Winner!

  • Race: Protoss Protoss
  • Spawn Location: 11:00

MaSa

  • Race: Terran Terran
  • Spawn Location: 5:00

Event: WCS Leipzig 2018

VOD

Have the link to the VOD?

Description

Time

  • Played on: Jan. 26, 2018, 2:24 p.m.
  • Length: 10:16

All games in this series

Show
View Real Time Build Order
Export as new Build Order

DnS Protoss - Winner!

Build Orders:  

Get SALT Encoding   

  12  0:00  Probe  
  13  0:12  Probe  
  14  0:17  Pylon  
  14  0:24  Probe (Chrono Boost)  
  15  0:36  Probe (Chrono Boost), Gateway  
  16  0:44  Probe (Chrono Boost)  
  16  0:46  Assimilator  
  17  0:51  Probe  
  18  1:03  Probe  
  19  1:15  Probe  
  20  1:19  Pylon  
  20  1:26  Cybernetics Core  
  20  1:27  Probe  
  22  1:40  Probe  
  22  1:49  Nexus  
  22  1:52  Probe  
  22  1:54  Assimilator  
  23  2:01  Adept (Chrono Boost)  
  23  2:05  Probe  
  26  2:17  Probe, Warp Gate  
  26  2:20  Stalker (Chrono Boost)  
  29  2:29  Probe  
  30  2:39  Twilight Council  
  30  2:41  Probe  
  31  2:55  Pylon  
  31  3:01  Stalker  
  31  3:03  Probe (Chrono Boost)  
  31  3:05  Probe (Chrono Boost)  
  35  3:15  Probe (Chrono Boost)  
  35  3:17  Probe (Chrono Boost)  
  37  3:22  Gateway x2  
  37  3:36  Probe  
  37  3:37  Probe  
  37  3:40  Robotics Facility  
  39  3:48  Probe  
  40  3:49  Probe  
  43  3:56  Pylon  
  43  4:00  Probe  
  43  4:01  Probe  
  45  4:03  Blink (Chrono Boost)  
  45  4:06  Pylon  
  43  4:12  Probe  
  43  4:13  Probe  
  43  4:22  Stalker x2  
  43  4:23  Stalker  
  49  4:24  Probe  
  49  4:29  Probe  
  52  4:31  Assimilator  
  52  4:36  Probe  
  50  4:46  Stalker x3  
  50  4:48  Immortal  
  50  4:50  Pylon  
  60  4:54  Pylon  
  58  5:10  Probe x2  
  58  5:12  Nexus  
  60  5:16  Stalker x2  
  60  5:19  Stalker  
  64  5:32  Immortal  
  64  5:34  Probe x2  
  68  5:39  Stalker x2  
  64  6:00  Nexus, Stalker  
  64  6:01  Probe  
  64  6:02  Probe  
  66  6:14  Probe x2 (Chrono Boost), Stalker x2  
  72  6:25  Forge  
  72  6:26  Probe x2 (Chrono Boost)  
  72  6:27  Pylon, Forge  
  74  6:34  Probe (Chrono Boost)  
  74  6:35  Probe (Chrono Boost)  
  74  6:37  Charge  
  74  6:38  Sentry  
  74  6:39  Sentry x2  
  82  6:40  Probe  
  82  6:41  Probe  
  82  6:46  Pylon  
  84  6:54  Protoss Ground Armor Level 1 (Chrono Boost)  
  78  7:01  Probe  
  78  7:02  Probe  
  78  7:04  Gateway  
  78  7:06  Gateway, Protoss Ground Weapons Level 1 (Chrono Boost)  
  78  7:08  Gateway  
  80  7:13  Gateway  
  80  7:15  Gateway  
  80  7:20  Zealot x2  
  80  7:22  Zealot  
  86  7:23  Probe  
  86  7:25  Probe  
  86  7:26  Probe  
  89  7:33  Pylon  
  89  7:35  Assimilator  
  85  7:48  Zealot x3  
  90  7:51  Observer, Probe  
  90  7:56  Assimilator  
  89  7:59  Pylon  
  89  8:06  Zealot  
  89  8:07  Zealot x3  
  89  8:10  Pylon  
  89  8:11  Pylon  
  89  8:12  Zealot x4  
  105  8:13  Immortal  
  105  8:18  Probe, Pylon  
  110  8:28  Stalker  
  110  8:29  Stalker x3  
  118  8:37  Stalker x3  
  116  8:52  Stalker x2  
  116  8:53  Stalker x3  
  120  9:09  Warp Prism  
  116  9:23  Zealot x5  
  116  9:24  Zealot x2  
  128  9:28  Zealot  
  130  9:34  Templar Archives  
  128  9:49  Zealot x7  
  128  9:51  Zealot  
  120  10:09  Stalker x5  
  120  10:10  Stalker  
Show
View Real Time Build Order
Export as new Build Order

MaSa Terran 

Build Orders: Bio Tank 

Get SALT Encoding   

  12  0:00  SCV  
  13  0:12  SCV  
  14  0:17  Supply Depot  
  14  0:24  SCV  
  15  0:38  SCV  
  15  0:39  Barracks  
  16  0:44  Refinery  
  16  0:50  SCV  
  17  1:02  SCV  
  18  1:14  SCV  
  19  1:25  Marine  
  19  1:27  Orbital Command  
  20  1:43  Command Center  
  20  1:56  Barracks  
  20  1:57  Barracks Reactor  
  20  2:01  SCV  
  21  2:11  Factory  
  21  2:13  SCV  
  22  2:21  Supply Depot  
  22  2:25  SCV  
  23  2:31  Refinery  
  23  2:42  SCV, Barracks Tech Lab, Marine x2  
  26  2:54  SCV  
  27  2:59  Orbital Command  
  27  3:00  Marine x2  
  28  3:09  SCV  
  28  3:10  Marine  
  30  3:14  Siege Tank  
  30  3:18  Marine  
  33  3:24  Marine  
  32  3:27  SCV  
  32  3:28  Marine  
  34  3:35  Marine  
  34  3:36  SCV  
  35  3:42  Marine, Engineering Bay  
  35  3:45  Supply Depot  
  36  3:50  SCV  
  36  3:51  SCV  
  36  3:52  Marine  
  39  3:59  Siege Tank  
  39  4:00  Marine  
  43  4:07  Marine  
  43  4:08  SCV  
  45  4:13  SCV  
  45  4:16  Missile Turret  
  46  4:17  Marine  
  46  4:18  Marine  
  48  4:25  Marine  
  48  4:27  Supply Depot  
  49  4:32  Siege Tank  
  49  4:35  Barracks Tech Lab  
  49  4:36  Marine  
  49  4:37  SCV  
  54  4:45  Supply Depot  
  54  4:49  SCV, Marine  
  56  4:53  Barracks  
  56  4:54  Marine  
  56  4:55  SCV  
  56  5:01  SCV, Marine  
  56  5:06  Siege Tank  
  56  5:07  Marine  
  58  5:10  SCV  
  60  5:19  Stimpack  
  61  5:21  SCV, Barracks  
  59  5:29  SCV  
  59  5:32  Marine  
  59  5:33  Bunker, Marine  
  59  5:34  SCV  
  62  5:39  Supply Depot, Terran Infantry Weapons Level 1  
  62  5:41  SCV  
  62  5:42  Siege Tank  
  66  5:47  SCV  
  54  5:57  Marine  
  54  5:58  Marine, Marauder  
  54  6:00  Barracks Reactor  
  54  6:02  SCV  
  54  6:03  Supply Depot  
  59  6:04  SCV, Starport  
  59  6:05  Refinery  
  59  6:06  Refinery  
  59  6:10  Barracks Reactor  
  56  6:13  Barracks Tech Lab  
  56  6:16  Siege Tank  
  56  6:17  Barracks  
  56  6:18  SCV x2  
  58  6:20  Marine x2  
  60  6:30  SCV x2  
  62  6:33  Supply Depot  
  62  6:36  Marauder x2  
  62  6:37  Combat Shields  
  62  6:38  Marine  
  67  6:42  SCV  
  67  6:43  SCV  
  67  6:45  Supply Depot  
  69  6:47  Barracks Reactor  
  69  6:49  Medivac  
  69  6:51  Marine  
  72  6:55  SCV  
  72  6:56  Marine  
  72  6:58  SCV  
  72  7:00  Siege Tank  
  72  7:01  Marine  
  74  7:06  Supply Depot, Barracks Tech Lab  
  74  7:07  SCV, Marine  
  76  7:11  Medivac  
  76  7:12  Marine  
  79  7:16  Marine  
  79  7:22  Supply Depot, Medivac  
  82  7:23  Marine  
  82  7:26  Marine x2  
  82  7:27  Marauder  
  86  7:40  Marine x2  
  86  7:41  Marauder  
  87  7:49  SCV  
  87  7:50  Medivac, Marine x2, Marauder x2  
  95  7:52  Medivac  
  95  7:58  Marine x2  
  97  8:02  Siege Tank, Marauder  
  104  8:07  Marine  
  104  8:09  Marine  
  104  8:11  Command Center  
  106  8:16  Terran Infantry Armor Level 1  
  106  8:17  Marauder  
  106  8:18  Marine  
  109  8:21  Refinery  
  109  8:22  SCV  
  109  8:23  Marine  
  109  8:25  Supply Depot  
  109  8:27  Marauder, Marine  
  113  8:32  Marine  
  113  8:33  Marauder  
  117  8:38  Marine  
  117  8:41  Marine  
  118  8:45  Marauder  
  113  8:49  Liberator x2  
  103  8:57  Siege Tank  
  103  8:58  Marine  
  103  8:59  Marauder  
  100  9:08  Marine x2, Marauder  
  102  9:12  Concussive Shells  
  102  9:13  Marine, Marauder  
  100  9:19  Marine  
  100  9:20  Marauder  
  101  9:24  Orbital Command  
  101  9:26  SCV x2, Marine x2  
  101  9:30  Marauder  
  101  9:31  Marine  
  108  9:39  SCV, Marine  
  108  9:40  Marauder  
  108  9:41  Marine  
  108  9:43  Factory Reactor  
  108  9:44  Marine  
  108  9:45  SCV  
  115  9:47  Ghost Academy  
  115  9:51  SCV, Refinery  
  116  9:52  Armory  
  116  9:55  Marine x2, Marauder  
Tags
 
Add a new tag
Caveats
  • Supply blocks, unpowered buildings, or Contaminate may cause inaccurate times.
  • Supply counts are checked every 10 seconds.